 Dungeon Crawl Stone Soup version 0.19.0 (webtiles) character file.

85 CanadianGator the Grave Robber (level 4, 0/24 HPs)
             Began as a Deep Elf Necromancer on Nov 16, 2016.
             Slain by a worker ant (4 damage)
             ... on level 4 of the Dungeon.
             The game lasted 00:12:17 (3258 turns).

CanadianGator the Grave Robber (DENe)               Turns: 3258, Time: 00:12:18

Health: 0/24       AC:  3    Str:  5    XL:     4   Next: 25%
Magic:  8/11       EV: 12    Int: 21    God:
Gold:   165        SH:  0    Dex: 15    Spells: 2 memorised, 5 levels left

rFire  . . .     SeeInvis .     r - staff of poison
rCold  . . .     Gourm    .     a - +0 robe
rNeg   . . .     Faith    .     (no shield)
rPois  +         Spirit   .     (no helmet)
rElec  .         Reflect  .     (no cloak)
rCorr  .         Harm     .     (no gloves)
MR     .....                    o - +0 pair of boots
Stlth  ++........               n - amulet of magic regeneration
                                (no ring)
                                (no ring)

@: heavily drained
A: no striking features
a: no special abilities


You were on level 4 of the Dungeon.
You were hungry.

You visited 1 branch of the dungeon, and saw 4 of its levels.

You collected 165 gold pieces.

Inventory:

Hand Weapons
 i - a +0 dagger
 p - a +0 short sword of venom
Armour
 a - a +0 robe (worn)
 o - a +0 pair of boots (worn)
Magical Staves
 r - an uncursed staff of poison (weapon)
Jewellery
 n - an amulet of magic regeneration (around neck)
 q - an uncursed amulet of harm
Scrolls
 j - 2 scrolls of remove curse
 m - 2 scrolls of teleportation
 t - a scroll of blinking {unknown}
Potions
 d - a potion of curing
 e - a potion of invisibility
 h - a potion of degeneration {unknown}
 l - a potion of heal wounds {unknown}
Books
 b - a book of Necromancy

   Spells                             Type                      Level
   a - Pain                           Necromancy                   1
   b - Animate Skeleton               Necromancy                   1
   c - Vampiric Draining              Necromancy                   3
   d - Regeneration                   Charms/Necromancy            3
   e - Animate Dead                   Necromancy                   4
   f - Control Undead                 Necromancy                   4
Comestibles
 c - a bread ration
 f - 3 fruits
 g - a royal jelly
 k - a beef jerky
 s - a meat ration


   Skills:
 - Level 1.0(0.0) Short Blades
 + Level 0.0 Staves
 + Level 3.2(1.8) Dodging
 + Level 2.6(1.3) Stealth
 + Level 3.6(2.2) Spellcasting
 * Level 6.0(4.5) Necromancy


You had 5 spell levels left.
You knew the following spells:

 Your Spells              Type           Power        Failure   Level  Hunger
a - Pain                  Necr           ###.         1%          1    #......
b - Animate Dead          Necr           N/A          24%         4    #####..


Dungeon Overview and Level Annotations

Branches:
Dungeon (4/15)
 Temple: D:4-7

Altars:

Annotations:
D:3 miasmata's ghost, amateur HOFi


Message History

You closely miss the worker ant.
The worker ant is almost dead.
The worker ant bites you.
You barely miss the worker ant.
The worker ant is almost dead.
The worker ant barely misses you. The worker ant bites you.
You hit the worker ant but do no damage.
The worker ant is almost dead.
The worker ant barely misses you.
You barely miss the worker ant.
The worker ant is almost dead.
The worker ant bites you. The worker ant barely misses you.
You barely miss the worker ant.
The worker ant is almost dead.
The worker ant bites you.
* * * LOW HITPOINT WARNING * * *
You hit the worker ant but do no damage.
The worker ant is almost dead.
The worker ant bites you.
You die...

# .#.## ## #.. ...#
.. #.#######..# #.
###....#.....###. #
#......#..#..##..
)##..>...#..#......
..............###..
######.......#####
#..
#...a@..#....###
#..
#.#####...##...#
#.# ##.#####.# #..
#.# #.# ### #.# #.#
#.# #.# #.# #.# #.#
#.# #.# #.#


You could see a worker ant.

Vanquished Creatures
  2 adders
  An ooze (D:2)
  An adder skeleton (D:4)
  A worm (D:3)
  A dart slug (D:1)
  3 leopard geckos
  A giant cockroach (D:2)
  7 goblins
  6 hobgoblins
  5 jackals
  A quokka (D:2)
  6 bats
  4 frilled lizards
  8 kobolds
  A quokka skeleton (D:4)
  4 rats
52 creatures vanquished.

Notes
Turn   | Place    | Note
-------+----------+-------------------------------------------
     0 | D:1      | CanadianGator the Deep Elf Necromancer began the quest for the Orb.
     0 | D:1      | Reached XP level 1. HP: 10/10 MP: 6/6
   154 | D:1      | Reached skill level 5 in Necromancy
   224 | D:1      | Reached XP level 2. HP: 7/15 MP: 6/8
   777 | D:1      | Reached XP level 3. HP: 3/19 MP: 4/9
  1836 | D:2      | Reached skill level 1 in Short Blades
  2460 | D:3      | Noticed miasmata's ghost (amateur HOFi)
  2484 | D:3      | Reached XP level 4. HP: 15/24 MP: 11/11
  2490 | D:3      | Learned a level 4 spell: Animate Dead
  2671 | D:3      | Reached skill level 6 in Necromancy
  3258 | D:4      | Slain by a worker ant

Skill      XL: |  1  2  3  4 |
---------------+-------------+-----
Necromancy     | 5 6 |  6.0
Short Blades   | 1 |  1.0
Dodging        | 3 |  3.2
Stealth        | |  2.6
Spellcasting   | |  3.6

Action                   |  1- 3 |  4- 6 || total
-------------------------+-------+-------++-------
Melee: Short sword       |    49 |       ||    49
       Staff             |    11 |    40 ||    51
 Cast: Pain              |    39 |    14 ||    53
       Animate Dead      |       |     3 ||     3
  Use: Scroll            |     6 |       ||     6
       Potion            |     1 |       ||     1
 Stab: Sleeping          |     4 |       ||     4
  Eat: Chunk             |     3 |       ||     3
       Bread ration      |       |     1 ||     1
Armor: Robe              |     9 |     4 ||    13
Dodge: Dodged            |    45 |    33 ||    78
